 Dungeon Crawl Stone Soup version 0.30-a0-715-gdb4ae3ece1 (webtiles) character file.

Game seed: 368792777279797064

145 NinjaNoafa the Magician (level 5, 0/40 HPs)
             Began as a Djinni Conjurer on Jan 24, 2023.
             Was an Initiate of Ashenzari.
             Slain by a hobgoblin (3 damage)
             ... on level 4 of the Dungeon.
             The game lasted 00:02:49 (3198 turns).

NinjaNoafa the Magician (Djinni Conjurer)           Turns: 3198, Time: 00:02:49

Health: 0/40       AC:  2    Str:  6    XL:     5   Next: 53%
Gold:   198        EV: 12    Int: 22    God:    Ashenzari [......] SH:  0 Dex: 11

rFire   + + .      SeeInvis .    g - +0 short sword
rCold   x . .      Faith    .    (no shield)
rNeg    . . .      Spirit   .    a - +0 robe
rPois   ∞          Reflect  .    (no helmet)
rElec   .          Harm     .    (no cloak)
rCorr   .          Rampage  .    (no gloves)
Will    .....                    (boots unavailable)
Stlth   ++                       (no amulet)
HPRegen 0.26/turn                (no ring)
MPRegen 0.00/turn                (no ring)

@: flying
A: sickness immunity, fire resistance 2, cold vulnerability 1, float, innate
caster, HP casting, extra vitality 1
a: Renounce Religion, Curse Item


You were on level 4 of the Dungeon.
You worshipped Ashenzari.
Ashenzari was noncommittal.
You visited 2 branches of the dungeon, and saw 5 of its levels.

You collected 198 gold pieces.

Inventory:

Hand Weapons
 g - a +0 short sword (weapon)
Missiles
 m - 2 boomerangs
 q - 4 poisoned darts
Armour
 a - a +0 robe (worn)
Scrolls
 c - 2 scrolls of enchant weapon {unknown}
 d - a scroll of torment {unknown}
 e - 3 scrolls of teleportation {unknown}
 f - 5 scrolls of identify {unknown}
 k - 3 scrolls of butterflies {unknown}
 l - a scroll of immolation {unknown}
 o - a scroll of vulnerability {unknown}
 t - a scroll of brand weapon {unknown}
 u - a scroll of enchant armour {unknown}
Potions
 b - a potion of magic
 h - a potion of invisibility {unknown}
 i - a potion of mutation {unknown}
 j - a potion of curing
 n - a potion of heal wounds {unknown}
 p - a potion of berserk rage {unknown}
 r - 2 potions of brilliance {unknown}
 s - a potion of attraction {unknown}


   Skills:
 - Level 3.0 Fighting
 - Level 2.1 Dodging
 - Level 1.5 Stealth
 + Level 4.3 Spellcasting


You couldn't memorise any spells.
You knew the following spells:

 Your Spells              Type           Power      Damage    Failure   Level
a - Magic Dart            Conj           96%        1d7       1%          1
b - Searing Ray           Conj           48%        2d6       2%          2
c - Dazzling Flash        Conj/Hex       48%        N/A       5%          3
d - Fulminant Prism       Conj/Hex       12%        3d8       19%         4
e - Iskenderun's Mystic   Conj/Tloc      24%        2d7       19%         4
f - Foxfire               Conj/Fire      96%        2x1d8     1%          1
g - Poisonous Vapours     Pois/Air       48%        N/A       2%          2
Your spell library was empty.

Dungeon Overview and Level Annotations

Branches:
Dungeon (4/15)             Temple (1/1) D:4

Altars:
Ashenzari
Cheibriados
Dithmenos
Elyvilon
Fedhas
Gozag
Hepliaklqana
Makhleb
Nemelex Xobeh
Okawaru
Qazlal
Ru
Trog
Uskayaw
Wu Jian
Xom
Yredelemnul
Zin
The Shining One


Innate Abilities, Weirdness & Mutations

You are immune to sickness and miasma.
You are immune to poison.
Your flesh is very heat resistant. (rF++)
You are vulnerable to cold. (rC-)
You float through the air rather than walking.
You learn spells naturally, not from books.
Your magical power is your life essence.
You have superior vitality. (+4 MHP)


Message History

Press: ? - help, Dir - move target, f - hobgoblin
Aim: a hobgoblin (blind) Poisonous vapours surround the hobgoblin!
The hobgoblin is poisoned.
* * * LOW HITPOINT WARNING * * *
The foxfire hits the hobgoblin!
You kill the hobgoblin!
The goblin hits you with a +0 dagger.
* * * LOW HITPOINT WARNING * * *
The hobgoblin hits you.
* * * LOW HITPOINT WARNING * * *
The hobgoblin hits you.
* * * LOW HITPOINT WARNING * * *
The hobgoblin barely misses you.
The hobgoblin is no longer blind.
The goblin is no longer blind.
You reach down and open the door.
The hobgoblin hits you.
* * * LOW HITPOINT WARNING * * *
The hobgoblin hits you.
* * * LOW HITPOINT WARNING * * *
The hobgoblin hits you but does no damage.
Found 53 gold pieces.
Okay, then.
The hobgoblin attacks as you move away! The hobgoblin hits you.
* * * LOW HITPOINT WARNING * * *
The goblin attacks as you move away! The goblin hits you but does no damage.
The hobgoblin closely misses you.
There is an open door here.
Casting: Poisonous Vapours (safe; 2% risk of failure)
Confirm with . or Enter, or press ? or * to list all spells.
You don't have enough health to cast this spell.
Casting: Poisonous Vapours (safe; 2% risk of failure)
Confirm with . or Enter, or press ? or * to list all spells.
You don't have enough health to cast this spell.
Unknown command.
It was a potion of curing.
You feel better. The hobgoblin hits you.
* * * LOW HITPOINT WARNING * * *
The goblin hits you with a +0 dagger.
* * * LOW HITPOINT WARNING * * *
The hobgoblin hits you.
You die...

#. ##.....###...#.###..#
#..#'#..##.....###...
###.##.##.##...##......
##...#...#...#.....###..
#..####'####.......##...
#.##.#))†#.##......##...
##########.#..†.g.'..#.....###..#
.......#.#.##.#ggg#.##.....# #..#
#....#....####@####......# #..#
#....##.#...#$$$#...#....# #..#
#...........##$##.###....# #...
###........#...###..###########.#
...........#.#.....#....#........
...............#####....#.....†..
....###........#####....#........
...####..........................
......#....#........##...........


You could see 3 hobgoblins and a goblin.

Vanquished Creatures
  An orc priest (D:4)
  4 adders
  3 worms
  2 dart slugs
  4 orcs (D:4)
  A bat (D:1)
  3 endoplasms
  2 giant cockroaches
  6 goblins
  12 hobgoblins
  5 jackals
  3 kobolds
  3 ball pythons
  4 frilled lizards
  6 rats
59 creatures vanquished.

Vanquished Creatures (others)
  51 foxfires
51 creatures vanquished.

Grand Total: 110 creatures vanquished

Notes
Turn   | Place    | Note
-------+----------+-------------------------------------------
     0 | D:1      | NinjaNoafa the Djinni Conjurer began the quest for the Orb.
     0 | D:1      | NinjaNoafa set off with the following spells memorised:
                  | Magic Dart, Searing Ray, Dazzling Flash, Fulminant Prism,
                  | Iskenderun's Mystic Blast.
     0 | D:1      | Reached XP level 1. HP: 15/15 MP: 0/0
   231 | D:1      | Reached XP level 2. HP: 20/22 MP: 0/0
   394 | D:1      | Reached skill level 1 in Fighting
  1006 | D:2      | Reached XP level 3. HP: 26/27 MP: 0/0
  1006 | D:2      | Learned a level 1 spell: Foxfire
  1017 | D:2      | Found a shimmering altar of Xom.
  1107 | D:2      | You are sucked into a shaft and drop 2 floors!
  1154 | D:4      | Found a staircase to the Ecumenical Temple.
  1160 | D:4      | Reached XP level 4. HP: 16/34 MP: 0/0
  1171 | Temple   | Entered the Ecumenical Temple
  1507 | Temple   | Became a worshipper of Ashenzari the Shackled
  1944 | D:2      | Reached skill level 4 in Spellcasting
  2184 | D:3      | Found a faded altar of an unknown god.
  2265 | D:3      | Reached XP level 5. HP: 37/40 MP: 0/0
  2265 | D:3      | Learned a level 2 spell: Poisonous Vapours
  2388 | D:3      | Found a sparkling altar of Nemelex Xobeh.
  3196 | D:4      | HP: 2/40 [hobgoblin (3)]
  3198 | D:4      | Slain by a hobgoblin

Illustrated notes

Levels and vault maps discovered:
D:1:      lemuel_arrival_broad_hall, layout_basic
D:2:      layout_loops_ring, basic_altar
D:3:      layout_loops_ring, nemelex_diamond_rough_becter,
          shapermc_ecumenical_altar_mp_highgroup
D:4:      cheibrodos_greedy_goblins, layout_basic,
          minmay_temple_entry_proselytizer, uniq_crazy_yiuf_cottage
Temple:   regret_index_temple_sigil_plot

Skill      XL: |  1  2  3  4  5 |
---------------+----------------+-----
Fighting       | 1 2 3 |  3.0
Spellcasting   | 4 |  4.3
Dodging        | |  2.1
Stealth        | |  1.5

Action                     |  1- 3 |  4- 6 || total
---------------------------+-------+-------++-------
  Melee: Short sword       |       |     3 ||     3
   Cast: Magic Dart        |    32 |    46 ||    78
         Foxfire           |    17 |    15 ||    32
         Searing Ray       |       |     1 ||     1
         Poisonous Vapours |       |     6 ||     6
         Iskenderun's Myst |       |     2 ||     2
         Dazzling Flash    |       |     1 ||     1
    Use: Potion            |       |     1 ||     1
 Armour: Robe              |     2 |     3 ||     5
  Dodge: Dodged            |     4 |    13 ||    17

Table legend: (Time is in decaauts)
 A = Elapsed time spent in this place.
 B = Non-inter-level travel time spent in this place.
 C = Inter-level travel time spent in this place.
 D = Time resting spent in this place.
 E = Time spent auto-exploring this place.
 F = Levels seen in this place.
 G = Mean time per level.
                   A        B        C        D        E       F      G
               +--------+--------+--------+--------+--------+-----+--------+
         Total |   3197 |   3065 |    132 |      0 |   2756 |   5 |  639.4 |
       Dungeon |   2845 |   2738 |    107 |      0 |   2450 |   4 |  711.2 |
        Temple |    351 |    326 |     25 |      0 |    306 |   1 |  351.0 |
               +--------+--------+--------+--------+--------+-----+--------+

Top non-repeatable levels by time:
     D:1: 838 daAuts
     D:2: 752 daAuts
     D:3: 723 daAuts
     D:4: 530 daAuts
  Temple: 351 daAuts
